 Dungeon Crawl Stone Soup version 0.23-b1-3-gdda8187c6f (webtiles) character file.

Game seed: 13444657916404866603

9279 LostNumber the Thaumaturge (level 11, -2/86 HPs)
             Began as a Gnoll Warper on Jan 31, 2019.
             Was a High Priest of Okawaru.
             Slain by Snorg (17 damage)
             ... on level 10 of the Dungeon.
             The game lasted 00:23:30 (11650 turns).

LostNumber the Thaumaturge (Gnoll Warper)          Turns: 11650, Time: 00:23:32

Health: -2/86      AC: 20    Str: 21    XL:     11   Next: 44%
Magic:  17/23      EV: 13    Int: 15    God:    Okawaru [*****.]
Gold:   671        SH:  0    Dex: 15    Spells: 12/26 levels left

rFire    + + .     SeeInvis .   D - +6 hunting sling of Trial by Ordeal {flame, *Drain rPois rF+ Str+4}
rCold    . . .     Gourm    .   (no shield)
rNeg     . . .     Faith    .   w - +0 plate armour
rPois    +         Spirit   .   M - +2 helmet
rElec    .         Reflect  .   (no cloak)
rCorr    .         Harm     .   (no gloves)
MR       .....                  n - +0 pair of boots
Stlth    ..........             y - amulet of rage
HPRegen  0.24/turn              c - ring of protection from fire
MPRegen  0.18/turn              i - ring of poison resistance

@: heroism, finesse
A: distributed training, fangs 1, strong nose
a: Heroism, Finesse, Renounce Religion, Evoke Berserk Rage


You were on level 10 of the Dungeon.
You worshipped Okawaru.
Okawaru was extremely pleased with you.
You were not hungry.

You visited 1 branch of the dungeon, and saw 10 of its levels.
You also visited: Ossuary.

You collected 671 gold pieces.

Inventory:

Hand Weapons
 a - a +0 hand axe
 x - a +0 war axe
 D - the +6 hunting sling of Trial by Ordeal (weapon) {flame, *Drain rPois rF+ Str+4}
   (You found it on level 5 of the Dungeon)

   It causes projectiles fired from it to burn those they strike, causing extra
   injury to most foes and up to half again as much damage against particularly
   susceptible opponents.
   It affects your strength (+4).
   It protects you from fire.
   It protects you from poison.
   It causes draining when unequipped.
Missiles
 e - 5 tomahawks of dispersal
 F - 319 stones
 G - 8 tomahawks
 I - 114 sling bullets (quivered)
Armour
 b - a +0 leather armour
 k - a +0 ring mail
 n - a +0 pair of boots (worn)
 w - a +0 plate armour (worn)
 M - a +2 helmet (worn)
Jewellery
 c - a ring of protection from fire (left hand)
 i - a ring of poison resistance (right hand)
 y - an amulet of rage (around neck)
 A - an uncursed amulet of the gourmand {unknown}
Wands
 p - a wand of flame (8)
 t - a wand of enslavement (9)
 P - a wand of polymorph (7)
Scrolls
 d - 2 scrolls of blinking
 g - a scroll of enchant weapon {unknown}
 h - a scroll of immolation {unknown}
 m - 2 scrolls of amnesia {unknown}
 q - 3 scrolls of teleportation
 u - 4 scrolls of magic mapping {unknown}
 B - 5 scrolls of remove curse
 C - 2 scrolls of fog {unknown}
 H - 3 scrolls of fear {unknown}
 O - 3 scrolls of vulnerability {unknown}
Potions
 j - 4 potions of might
 l - 5 potions of agility
 o - a potion of mutation
 r - 3 potions of invisibility
 s - 2 potions of magic
 v - 10 potions of curing
 z - 2 potions of ambrosia
 E - 4 potions of flight
 J - 3 potions of haste
 K - 2 potions of lignification {unknown}
 L - 3 potions of heal wounds {unknown}
Comestibles
 f - 20 rations


   Skills:
 + Level 7.8(12.8) Fighting
 + Level 6.2(11.2) Short Blades
 + Level 6.2(11.2) Long Blades
 + Level 7.8(12.8) Axes
 + Level 6.2(11.2) Maces & Flails
 + Level 6.2(11.2) Polearms
 + Level 6.2(11.2) Staves
 + Level 6.2(11.2) Slings
 + Level 6.2(11.2) Bows
 + Level 6.2(11.2) Crossbows
 + Level 6.7(11.7) Throwing
 + Level 6.7(11.7) Armour
 + Level 7.8(12.8) Dodging
 + Level 6.2(11.2) Stealth
 + Level 6.2(11.2) Shields
 + Level 6.2(11.2) Unarmed Combat
 + Level 8.0 Spellcasting
 + Level 5.1 Conjurations
 + Level 5.1 Hexes
 + Level 5.1 Charms
 + Level 5.1 Summonings
 + Level 5.1 Necromancy
 + Level 7.6 Translocations
 + Level 5.1 Transmutations
 + Level 5.1 Fire Magic
 + Level 5.1 Ice Magic
 + Level 5.1 Air Magic
 + Level 5.1 Earth Magic
 + Level 5.1 Poison Magic
 + Level 6.8 Invocations
 + Level 6.2 Evocations


You had 12 spell levels left.
You knew the following spells:

 Your Spells              Type           Power        Failure   Level  Hunger
a - Blink                 Tloc           N/A          11%         2    None
b - Shroud of Golubria    Chrm/Tloc      ####......   17%         2    None
c - Lesser Beckoning      Tloc           ####......   21%         3    ##.....
d - Teleport Other        Tloc           ####....     21%         3    ##.....
e - Passage of Golubria   Tloc           N/A          56%         4    ####...

Your spell library contained the following spells:

 Spells                   Type           Power        Failure   Level  Hunger
 Shock                    Conj/Air       ###.         19%         1    None
 Gell's Gravitas          Tloc           ####......   21%         3    ##.....
 Swiftness                Chrm/Air       ###.....     28%         2    None
 Static Discharge         Conj/Air       ###.....     50%         3    ##.....
 Airstrike                Air            ###.......   88%         4    ####...
 Lightning Bolt           Conj/Air       ###.......   99%         5    #####..


Dungeon Overview and Level Annotations

Branches:
Dungeon (10/15)            Temple (0/1) D:5            Lair (0/6) D:8
    Orc: D:9-12

Altars:
Cheibriados
Dithmenos
Fedhas
Gozag
Makhleb
Nemelex Xobeh
Okawaru
Qazlal
Trog
Vehumet
Zin
The Shining One

Shops:
D:5 :}[

Annotations:
D:8 3 runed translucent doors, chimenez's ghost, novice FoFi
D:10 Snorg


Innate Abilities, Weirdness & Mutations

Your experience applies equally to all skills.
You have very sharp teeth.
Your uncanny sense of smell can sniff out nearby items.


Message History

You shoot a sling bullet. The sling bullet hits Snorg!
The sling bullet burns Snorg.
Snorg is almost dead.
Snorg barely misses you. Snorg claws you but does no damage. x2
Firing (i - inventory. (/) - cycle)
I - 116 sling bullets (quivered)
Press: ? - help, Shift-Dir - straight line, f/p - Snorg
Aim: Snorg (almost dead, berserk, fast, unusually strong)
You shoot a sling bullet. The sling bullet hits Snorg.
The sling bullet burns Snorg.
Snorg is almost dead.
Firing (i - inventory. (/) - cycle)
I - 115 sling bullets (quivered)
Press: ? - help, Shift-Dir - straight line, f/p - Snorg
Aim: Snorg (almost dead, berserk, fast, unusually strong)
You shoot a sling bullet. The sling bullet hits Snorg!
The sling bullet burns Snorg.
Snorg is almost dead.
Snorg closely misses you. Snorg claws you!
* * * LOW HITPOINT WARNING * * *
Snorg claws you!
You die...

#..## #...##
###...##
##......##
##........#
##.........##
###...........#
#.............# #
#............@# #
##...........T.#
## #............(#
.# #.............(
.##
##.............(
..##
#..........(##..
...######.....####
###
.#..####....###
###......####


You could see Snorg (berserk).

Vanquished Creatures
  Harold (D:8)
  Pikel (D:8)
  Joseph (D:7)
  Psyche (D:8)
  A komodo dragon (D:8)
  Prince Ribbit (D:9)
  A hippogriff (D:8)
  A wyvern (D:8)
  A steam dragon (D:8)
  10 yaks (D:9)
  3 hungry ghosts
  2 vampire mosquitoes (D:9)
  Menkaure (D:6)
  A water moccasin (D:6)
  A slave (D:8)
  3 sky beasts
  5 ice beasts
  A black bear (D:8)
  A phantom (D:10)
  2 orc warriors
  A necrophage (D:7)
  3 ogres
  3 centaurs
  4 crocodiles (D:8)
  A big kobold (D:8)
  4 bullfrogs
  2 water moccasin zombies (Ossuary)
  A wyvern skeleton (D:8)
  2 scorpions (D:5)
  3 wights (D:9)
  2 howler monkeys
  A crimson imp (D:5)
  5 hounds
  3 jellies
  5 orc priests
  10 orc wizards
  A centaur skeleton (D:7)
  A gnoll shaman (D:4)
  4 iguanas
  5 worker ants
  8 big kobold zombies (Ossuary)
  A hound zombie (D:7)
  A hound skeleton (D:5)
  2 mummies (Ossuary)
  3 worker ant zombies
  A howler monkey zombie (D:6)
  8 gnolls
  6 adders
  2 shadow imps
  An ooze (D:2)
  8 adder zombies
  7 worms
  4 dart slugs
  5 leopard geckos
  25 orcs
  6 giant cockroaches
  10 goblins
  6 hobgoblins
  9 jackals
  10 kobolds
  5 quokkas
  2 ball pythons
  8 bats
  4 frilled lizards
  5 gnoll zombies (Ossuary)
  4 hobgoblin zombies (Ossuary)
  A jackal zombie (D:9)
  5 kobold zombies (Ossuary)
  A leopard gecko skeleton (D:6)
  4 orc zombies (Ossuary)
  A quokka skeleton (D:6)
  7 rats
270 creatures vanquished.

Vanquished Creatures (others)
  A slave (D:8)
  A big kobold (D:8)
  A wyvern skeleton (D:8)
  A worker ant (D:8)
  A gnoll (D:8)
  A shadow imp (D:8)
  A goblin (D:2)
  4 toadstools (D:8)
11 creatures vanquished.

Grand Total: 281 creatures vanquished

Notes
Turn   | Place    | Note
-------+----------+-------------------------------------------
     0 | D:1      | LostNumber the Gnoll Warper began the quest for the Orb.
     0 | D:1      | Reached XP level 1. HP: 20/20 MP: 6/6
   152 | D:1      | Reached XP level 2. HP: 23/26 MP: 7/7
   156 | D:1      | Learned a level 2 spell: Blink
   159 | D:1      | Learned a level 2 spell: Shroud of Golubria
   239 | D:1      | Reached XP level 3. HP: 17/31 MP: 9/9
   650 | D:1      | Reached skill level 5 in Spellcasting
  1002 | D:2      | Learned a level 3 spell: Lesser Beckoning
  1006 | D:2      | Learned a level 3 spell: Teleport Other
  1024 | D:2      | Reached skill level 1 in Invocations
  1234 | D:2      | Found a radiant altar of Vehumet.
  1520 | D:2      | Reached skill level 1 in Short Blades
  1520 | D:2      | Reached skill level 1 in Long Blades
  1520 | D:2      | Reached skill level 1 in Maces & Flails
  1520 | D:2      | Reached skill level 1 in Polearms
  1520 | D:2      | Reached skill level 1 in Staves
  1520 | D:2      | Reached skill level 1 in Slings
  1520 | D:2      | Reached skill level 1 in Bows
  1520 | D:2      | Reached skill level 1 in Crossbows
  1520 | D:2      | Reached skill level 1 in Stealth
  1520 | D:2      | Reached skill level 1 in Shields
  1520 | D:2      | Reached skill level 1 in Unarmed Combat
  1520 | D:2      | Reached skill level 1 in Evocations
  1595 | D:2      | Reached XP level 4. HP: 38/38 MP: 11/11
  1609 | D:2      | Found a shadowy altar of Dithmenos.
  1773 | D:2      | Found a sparkling altar of Nemelex Xobeh.
  1911 | D:3      | Found an iron altar of Okawaru.
  1935 | D:3      | Became a worshipper of Warmaster Okawaru
  2046 | D:3      | Reached skill level 1 in Conjurations
  2046 | D:3      | Reached skill level 1 in Hexes
  2046 | D:3      | Reached skill level 1 in Charms
  2046 | D:3      | Reached skill level 1 in Summonings
  2046 | D:3      | Reached skill level 1 in Necromancy
  2046 | D:3      | Reached skill level 1 in Transmutations
  2046 | D:3      | Reached skill level 1 in Fire Magic
  2046 | D:3      | Reached skill level 1 in Ice Magic
  2046 | D:3      | Reached skill level 1 in Air Magic
  2046 | D:3      | Reached skill level 1 in Earth Magic
  2046 | D:3      | Reached skill level 1 in Poison Magic
  2385 | D:3      | Found a glowing silver altar of Zin.
  2643 | D:4      | Found a burning altar of Makhleb.
  2657 | D:4      | Reached XP level 5. HP: 36/43 MP: 12/12
  3236 | D:4      | Reached XP level 6. HP: 40/50 MP: 13/13
  3245 | D:4      | Learned a level 4 spell: Passage of Golubria
  3637 | D:5      | Entered Level 5 of the Dungeon
  3637 | D:5      | Noticed an ice beast
  3663 | D:4      | Killed an ice beast
  3663 | D:4      | Reached skill level 5 in Fighting
  3663 | D:4      | Reached skill level 5 in Axes
  3663 | D:4      | Reached skill level 5 in Dodging
  3804 | D:5      | Found Tisch's Armour Shoppe.
  3892 | D:5      | Got a bloodstained hunting sling
  3893 | D:5      | Identified the +6 hunting sling of Trial by Ordeal {flame,
                  | *Drain rPois rF+ Str+4} (You found it on level 5 of the
                  | Dungeon)
  3927 | D:5      | Found Eruthrookk's Book Boutique.
  4239 | D:5      | Reached * piety under Okawaru
  4243 | D:5      | Reached XP level 7. HP: 44/56 MP: 11/15
  4875 | D:5      | Found Hiuvawat's Gadget Shop.
  5691 | D:5      | Found a staircase to the Ecumenical Temple.
  5917 | D:5      | Found a snail-covered altar of Cheibriados.
  5917 | D:5      | Found a stormy altar of Qazlal.
  5987 | D:6      | Found a sand-covered staircase.
  6016 | Ossuary  | Entered an ossuary
  6032 | Ossuary  | Reached ** piety under Okawaru
  6032 | Ossuary  | Reached XP level 8. HP: 63/63 MP: 16/16
  6220 | Ossuary  | Reached skill level 6 in Spellcasting
  6310 | D:6      | Found a bloodstained altar of Trog.
  6387 | D:6      | Noticed Menkaure
  6389 | D:6      | Killed Menkaure
  6709 | D:6      | You fall through a shaft!
  6712 | D:7      | Reached *** piety under Okawaru
  6721 | D:7      | Found a glowing golden altar of the Shining One.
  6735 | D:7      | Received a gift from Okawaru
  6780 | D:7      | Reached XP level 9. HP: 63/69 MP: 18/18
  6828 | D:7      | Noticed Joseph
  6858 | D:7      | Killed Joseph
  7290 | D:6      | Found a blossoming altar of Fedhas.
  7374 | D:6      | Reached skill level 5 in Throwing
  7374 | D:6      | Reached skill level 5 in Armour
  7898 | D:7      | Reached skill level 5 in Invocations
  7903 | D:7      | Reached **** piety under Okawaru
  8238 | D:7      | Found an opulent altar of Gozag.
  8687 | D:8      | Found a runed translucent gate.
  8687 | D:8      | Found a runed translucent gate.
  8687 | D:8      | Found an opulent altar of Gozag.
  8687 | D:8      | Found a runed translucent gate.
  8687 | D:8      | Noticed a brown ugly thing
  8688 | D:8      | Noticed an orc high priest
  8688 | D:8      | Noticed chimenez's ghost (novice FoFi)
  8692 | D:8      | Reached XP level 10. HP: 76/77 MP: 20/20
  8701 | D:8      | Noticed Pikel
  8718 | D:8      | Killed Pikel
  8718 | D:8      | Reached skill level 7 in Spellcasting
  8929 | D:8      | Reached skill level 5 in Short Blades
  8929 | D:8      | Reached skill level 5 in Long Blades
  8929 | D:8      | Reached skill level 5 in Maces & Flails
  8929 | D:8      | Reached skill level 5 in Polearms
  8929 | D:8      | Reached skill level 5 in Staves
  8929 | D:8      | Reached skill level 5 in Slings
  8929 | D:8      | Reached skill level 5 in Bows
  8929 | D:8      | Reached skill level 5 in Crossbows
  8929 | D:8      | Reached skill level 5 in Stealth
  8929 | D:8      | Reached skill level 5 in Shields
  8929 | D:8      | Reached skill level 5 in Unarmed Combat
  8929 | D:8      | Reached skill level 5 in Evocations
  8958 | D:8      | Received a gift from Okawaru
  9531 | D:8      | Noticed Harold
  9551 | D:8      | Killed Harold
  9551 | D:8      | Received a gift from Okawaru
 10262 | D:8      | Found a staircase to the Lair.
 10288 | D:8      | Noticed Psyche
 10292 | D:8      | Killed Psyche
 10600 | D:9      | Reached XP level 11. HP: 84/84 MP: 19/22
 10725 | D:9      | Noticed Prince Ribbit
 10730 | D:9      | Killed Prince Ribbit
 10756 | D:9      | Reached ***** piety under Okawaru
 10784 | D:9      | Received a gift from Okawaru
 11010 | D:9      | Reached skill level 5 in Conjurations
 11010 | D:9      | Reached skill level 5 in Hexes
 11010 | D:9      | Reached skill level 5 in Charms
 11010 | D:9      | Reached skill level 5 in Summonings
 11010 | D:9      | Reached skill level 5 in Necromancy
 11010 | D:9      | Reached skill level 5 in Transmutations
 11010 | D:9      | Reached skill level 5 in Fire Magic
 11010 | D:9      | Reached skill level 5 in Ice Magic
 11010 | D:9      | Reached skill level 5 in Air Magic
 11010 | D:9      | Reached skill level 5 in Earth Magic
 11010 | D:9      | Reached skill level 5 in Poison Magic
 11283 | D:9      | Reached skill level 8 in Spellcasting
 11558 | D:10     | Entered Level 10 of the Dungeon
 11630 | D:10     | Noticed Snorg
 11650 | D:10     | Slain by Snorg

Skill      XL: |  1  2  3  4  5  6  7  8  9 10 11 |
---------------+----------------------------------+-----
Spellcasting   | 5 6 7 8 |  8.0
Invocations    | 1 2 3 4 5 6 |  6.8
Short Blades   | 1 2 3 4 5 6 |  6.2
Long Blades    | 1 2 3 4 5 6 |  6.2
Maces & Flails | 1 2 3 4 5 6 |  6.2
Polearms       | 1 2 3 4 5 6 |  6.2
Staves         | 1 2 3 4 5 6 |  6.2
Slings         | 1 2 3 4 5 6 |  6.2
Bows           | 1 2 3 4 5 6 |  6.2
Crossbows      | 1 2 3 4 5 6 |  6.2
Stealth        | 1 2 3 4 5 6 |  6.2
Shields        | 1 2 3 4 5 6 |  6.2
Unarmed Combat | 1 2 3 4 5 6 |  6.2
Evocations     | 1 2 3 4 5 6 |  6.2
Conjurations   | 1 2 3 4 5 |  5.1
Hexes          | 1 2 3 4 5 |  5.1
Charms         | 1 2 3 4 5 |  5.1
Summonings     | 1 2 3 4 5 |  5.1
Necromancy     | 1 2 3 4 5 |  5.1
Transmutations | 1 2 3 4 5 |  5.1
Fire Magic     | 1 2 3 4 5 |  5.1
Ice Magic      | 1 2 3 4 5 |  5.1
Air Magic      | 1 2 3 4 5 |  5.1
Earth Magic    | 1 2 3 4 5 |  5.1
Poison Magic   | 1 2 3 4 5 |  5.1
Throwing       | 3 4 5 6 |  6.7
Armour         | 3 4 5 6 |  6.7
Fighting       | 5 6 7 |  7.8
Axes           | 5 6 7 |  7.8
Dodging        | 5 6 7 |  7.8
Translocations | 6 7 |  7.6

Action                   |  1- 3 |  4- 6 |  7- 9 | 10-12 || total
-------------------------+-------+-------+-------+-------++-------
Melee: Hand axe          |   125 |    73 |       |       ||   198
       Bite              |     9 |    20 |     5 |       ||    34
       War axe           |       |   103 |    82 |       ||   185
 Fire: Hunting sling     |       |       |   345 |   295 ||   640
 Cast: Shroud of Golubri |       |     5 |     1 |       ||     6
       Blink             |       |     1 |     2 |       ||     3
Invok: Heroism           |       |       |     3 |    13 ||    16
       Finesse           |       |       |       |     1 ||     1
  Use: Scroll            |       |       |     8 |     5 ||    13
 Stab: Sleeping          |     1 |       |       |       ||     1
       Distracted        |       |     1 |       |       ||     1
  Eat: Chunk             |     2 |     6 |    11 |    11 ||    30
       Ration            |       |     1 |     1 |       ||     2
Armor: Leather armour    |    12 |       |       |       ||    12
       Ring mail         |    30 |    67 |    49 |       ||   146
       Plate armour      |       |       |     9 |    59 ||    68
Dodge: Dodged            |   117 |   114 |   127 |    69 ||   427
